 Dungeon Crawl Stone Soup version 0.26-a0-774-g1415c89e12 (webtiles) character file.

Game seed: 5101009303522107775

4786 DogServant the Martial Artist (level 10, -14/65 (68) HPs)
             Began as an Octopode Transmuter on Nov 9, 2020.
             Was an Initiate of Makhleb.
             Demolished by Joseph
             ... wielding a +6 spectral quarterstaff
              (22 damage)
             ... on level 8 of the Dungeon.
             The game lasted 00:16:36 (8484 turns).

DogServant the Martial Artist (Octopode Transmuter) Turns: 8484, Time: 00:16:36

HP:   -14/65 (68)   AC:  1    Str: 10    XL:     10   Next: 47%
MP:   11/16         EV: 19    Int: 21    God:    Makhleb [......]
Gold: 379           SH:  0    Dex: 16    Spells: 4/17 levels left

rFire    . . .     SeeInvis +     - Unarmed
rCold    . . .     Faith    .   (shield currently unavailable)
rNeg     + . .     Spirit   .   (helmet restricted)
rPois    .         Reflect  .   q - amulet of regeneration
rElec    .         Harm     .   g - ring of positive energy
rCorr    .         Rampage  .   l - ring of wizardry
MR       .....                  i - ring of Paranoia {Int+6 SInv}
Stlth    +++.......             (no ring)
HPRegen  0.60/turn              (no ring)
MPRegen  0.15/turn              (no ring)
                                (no ring)
                                (no ring)

@: blade tentacles
A: almost no armour, stealthy swim, amphibious, 8 rings, constrict 8, camouflage
1, gelatinous body 1
a: End Transformation, Renounce Religion


You were on level 8 of the Dungeon.
You worshipped Makhleb.
Makhleb was noncommittal.
You had blades for tentacles.
You visited 2 branches of the dungeon, and saw 9 of its levels.
You also visited: Ossuary.

You collected 379 gold pieces.

Inventory:

Missiles
 c - 83 poisoned darts (quivered)
 C - a throwing net
 D - 2 curare-tipped darts
Jewellery
 g - a ring of positive energy (left scythe-like blade)
 i - the ring of Paranoia (on tentacle) {Int+6 SInv}
   (You found it on level 5 of the Dungeon)

   [ring of see invisible]

   It affects your intelligence (+6).
   It lets you see invisible.
 l - a ring of wizardry (right scythe-like blade)
 q - an amulet of regeneration (around mantle)
Wands
 p - a wand of iceblast (12)
Scrolls
 b - 2 scrolls of immolation
 e - a scroll of enchant weapon
 f - 2 scrolls of magic mapping
 j - a scroll of fear
 n - 3 scrolls of enchant armour
 r - a scroll of vulnerability
 t - 2 scrolls of remove curse
 v - 2 scrolls of identify
 x - a scroll of blinking
 E - a scroll of teleportation
Potions
 a - a potion of ambrosia
 d - 8 potions of curing
 h - 5 potions of berserk rage
 k - 2 potions of cancellation
 m - 5 potions of lignification
 o - 4 potions of flight
 s - a potion of magic
 u - 4 potions of degeneration
 w - 5 potions of mutation
 z - a potion of attraction
 A - 3 potions of brilliance


   Skills:
 + Level 6.0 Fighting
 - Level 8.0 Dodging
 - Level 2.2 Stealth
 - Level 9.0 Unarmed Combat
 - Level 4.0 Spellcasting
 - Level 7.0 Transmutations


You had 4 spell levels left.
You knew the following spells:

 Your Spells              Type           Power        Failure   Level
a - Beastly Appendage     Tmut           ####..       5%          1
b - Wereblood             Tmut           ####....     6%          2
c - Spider Form           Tmut/Pois      ###.......   19%         3
d - Swiftness             Air            #.......     30%         2
e - Blade Hands           Tmut           ####......   30%         5

Your spell library contained the following spells:

 Spells                   Type           Power        Failure   Level
 Animate Skeleton         Necr           #.....       22%         1
 Apportation              Tloc           #.....       22%         1
 Corona                   Hex            #......      22%         1
 Foxfire                  Conj/Fire      #...         22%         1
 Magic Dart               Conj           #...         22%         1
 Shock                    Conj/Air       #...         22%         1
 Summon Small Mammal      Summ           #...         22%         1
 Blink                    Tloc           N/A          30%         2
 Call Imp                 Summ           #.......     30%         2
 Searing Ray              Conj           #.....       30%         2
 Slow                     Hex            #.......     30%         2
 Ice Form                 Ice/Tmut       ###.....     38%         4
 Call Canine Familiar     Summ           #.......     43%         3
 Conjure Flame            Conj/Fire      #.......     43%         3
 Dazzling Flash           Conj/Hex       #.....       43%         3
 Inner Flame              Hex/Fire       #.......     43%         3
 Mephitic Cloud           Conj/Pois/Air  #.......     43%         3
 Static Discharge         Conj/Air       #.......     43%         3
 Summon Guardian Golem    Hex/Summ       #.......     43%         3
 Airstrike                Air            #.........   73%         4
 Fulminant Prism          Conj/Hex       #.........   73%         4
 Iskenderun's Mystic Bla  Conj/Tloc      #.......     73%         4
 Sticky Flame             Conj/Fire      #.......     73%         4
 Summon Ice Beast         Ice/Summ       #.......     73%         4
 Summon Lightning Spire   Summ/Air       #.......     73%         4
 Fireball                 Conj/Fire      #.........   94%         5
 Lightning Bolt           Conj/Air       #.........   94%         5


Dungeon Overview and Level Annotations

Branches:
Dungeon (8/15)             Temple (1/1) D:7         Ossuary (visited)
   Lair: D:8-11

Altars:
Ashenzari
Cheibriados
Dithmenos
Elyvilon
Fedhas
Gozag
Hepliaklqana
Kikubaaqudgha
Makhleb
Nemelex Xobeh
Okawaru
Qazlal
Ru
Sif Muna
Trog
Uskayaw
Vehumet
Wu Jian
Xom
Zin
The Shining One

Shops:
D:7 **

Annotations:
D:7 6 runed translucent doors, 1994's ghost, novice DsGl
D:8 Joseph


Innate Abilities, Weirdness & Mutations

You cannot wear most types of armour.
You are very stealthy in the water. (Stealth+)
You are amphibious.
You can wear up to eight rings at the same time.
You can use your tentacles to constrict eight enemies at once.
Your skin changes colour to match your surroundings (Stealth+).
Your rubbery body absorbs attacks. (AC +1, EV +1)


Message History

Your Fighting skill increases to level 6!
No target in view!
No target in view!
Your tentacles revert to their normal proportions.
f - 2 scrolls of magic mapping (gained 1)
Things that are here:
a +1 broad axe of pain; +0 swamp dragon scales A spectral weapon comes into view.
The spectral weapon moves out of view.
v - 2 scrolls of identify (gained 1) Joseph, a Mercenary comes into view.
He is wielding a +6 spectral quarterstaff and carrying a wand of acid (9).
Joseph shouts!
Joseph zaps a wand.
The bolt of acid hits you!
You are splashed with acid!
Casting: Blade Hands (dangerous; 8% risk of failure)
Confirm with . or Enter, or press ? or * to list all spells.
Your tentacles turn into razor-sharp scythe blades.
Joseph zaps a wand.
The bolt of acid hits you!!
You are splashed with acid!
* * * LOW HITPOINT WARNING * * *
Joseph hits you with a +6 spectral quarterstaff!!
You die...

##########
.........#
......(..#
......@..#
#@####
##.##.##
#.....#......#
#.....#......#
#.....#......#
#.....#......#
#...###.#####
##...###.#
#........#


You could see Joseph and a +6 spectral quarterstaff (summoned).

Vanquished Creatures
  A two-headed ogre (D:8)
  Pikel (D:4)
  Maggie (D:8)
  Prince Ribbit (D:6)
  3 phantoms
  2 orc warriors
  2 necrophages
  A sky beast (D:5)
  A centaur (D:6)
  3 ogres
  A lemure (D:4)
  Blork the orc (D:6)
  5 bullfrogs
  4 elf skeletons (D:4)
  2 water moccasin skeletons (D:4)
  A jelly (D:6)
  3 centaur zombies (Ossuary)
  3 hounds
  5 orc priests
  8 orc wizards
  2 centaur skeletons
  A human skeleton (D:4)
  Jessica (D:2)
  Terence (D:2)
  3 iguanas
  7 worker ants
  A killer bee zombie (D:5)
  2 big kobold zombies (Ossuary)
  A hound skeleton (D:7)
  5 mummies (Ossuary)
  A worker ant zombie (D:5)
  Robin (D:2)
  A gnoll (D:3)
  12 adders
  A shadow imp (D:5)
  3 white imps
  An ufetubus (D:4)
  3 oozes (D:2)
  3 adder skeletons
  An adder zombie (D:8)
  3 worms
  7 dart slugs
  6 leopard geckos
  25 orcs
  A ball python (D:1)
  6 giant cockroaches
  14 goblins
  10 hobgoblins
  5 jackals
  5 quokkas
  5 bats
  5 frilled lizards
  A goblin zombie (Ossuary)
  A hobgoblin zombie (Ossuary)
  8 kobolds
  A leopard gecko zombie (D:3)
  An orc zombie (Ossuary)
  A quokka zombie (D:6)
  8 rats
213 creatures vanquished.

Vanquished Creatures (others)
  10 plants (D:1)
10 creatures vanquished.

Grand Total: 223 creatures vanquished

Notes
Turn   | Place    | Note
-------+----------+-------------------------------------------
     0 | D:1      | DogServant the Octopode Transmuter began the quest for the
                  | Orb.
     0 | D:1      | Reached XP level 1. HP: 13/13 MP: 3/3
   145 | D:1      | Reached XP level 2. HP: 18/18 MP: 5/5
   653 | D:1      | Reached XP level 3. HP: 23/23 MP: 4/6
   934 | D:2      | Noticed Terence
  1187 | D:3      | Found a hide-covered altar of Uskayaw.
  1191 | D:3      | Learned a level 2 spell: Wereblood
  1195 | D:3      | Learned a level 3 spell: Spider Form
  1220 | D:3      | Reached XP level 4. HP: 18/28 MP: 5/7
  1431 | D:3      | Found a stormy altar of Qazlal.
  1905 | D:3      | Found a sparkling altar of Nemelex Xobeh.
  1987 | D:3      | Found a radiant altar of Vehumet.
  2280 | D:2      | Killed Terence
  2280 | D:2      | Reached skill level 4 in Unarmed Combat
  2280 | D:2      | Reached XP level 5. HP: 33/33 MP: 8/8
  2283 | D:2      | Noticed Jessica
  2290 | D:2      | Killed Jessica
  2359 | D:2      | Noticed Robin
  2375 | D:2      | Killed Robin
  2695 | D:2      | Found a shimmering altar of Xom.
  2793 | D:2      | Found a bloodstained altar of Trog.
  2962 | D:2      | Found a glowing golden altar of the Shining One.
  3081 | D:2      | Reached XP level 6. HP: 36/38 MP: 9/9
  3671 | D:4      | Noticed Pikel
  3689 | D:4      | Killed Pikel
  3689 | D:4      | Reached skill level 5 in Dodging
  3689 | D:4      | Reached skill level 5 in Unarmed Combat
  3689 | D:4      | Reached skill level 5 in Transmutations
  3689 | D:4      | Reached XP level 7. HP: 21/43 MP: 7/10
  3803 | D:4      | Learned a level 2 spell: Swiftness
  3916 | D:4      | Reached XP level 8. HP: 48/48 MP: 11/11
  4035 | D:4      | Reached skill level 6 in Unarmed Combat
  4168 | D:4      | Found a sand-covered staircase.
  4178 | Ossuary  | Entered an ossuary
  4864 | D:4      | Reached skill level 1 in Stealth
  4864 | D:4      | Reached XP level 9. HP: 41/58 MP: 10/12
  5110 | D:5      | Entered Level 5 of the Dungeon
  5177 | D:5      | Reached skill level 7 in Unarmed Combat
  5246 | D:5      | Got a pitted turquoise ring
  5247 | D:5      | Identified the ring of Paranoia {Int+6 SInv} (You found it
                  | on level 5 of the Dungeon)
  5763 | D:5      | Found a shadowy altar of Dithmenos.
  5884 | D:6      | Noticed Prince Ribbit
  5899 | D:6      | Killed Prince Ribbit
  5939 | D:6      | Noticed Blork the orc
  5950 | D:6      | Killed Blork the orc
  6388 | D:6      | Reached skill level 8 in Unarmed Combat
  6402 | D:6      | Learned a level 5 spell: Blade Hands
  6944 | D:7      | Found a staircase to the Ecumenical Temple.
  6970 | Temple   | Entered the Ecumenical Temple
  7294 | Temple   | Became a worshipper of Makhleb the Destroyer
  7329 | D:7      | Found an iron altar of Okawaru.
  7430 | D:7      | Reached XP level 10. HP: 59/61 MP: 10/16
  7535 | D:7      | Found a runed translucent door.
  7535 | D:7      | Found a shimmering altar of Xom.
  7535 | D:7      | Noticed a +0 spear of chaos
  7535 | D:7      | Noticed 1994's ghost (novice DsGl)
  7593 | D:7      | Found Liuhybo's General Store.
  7613 | D:7      | Found Vitina's Elemental Accessories.
  7639 | D:7      | Found a glowing silver altar of Zin.
  7883 | D:7      | Found a hazy altar of Hepliaklqana.
  7883 | D:7      | Found an ornate altar of the Wu Jian Council.
  7926 | D:7      | Found a runed translucent door.
  7928 | D:7      | Found a runed translucent gate.
  7928 | D:7      | Found a runed translucent gate.
  7937 | D:7      | Found a runed translucent door.
  7939 | D:7      | Found the +9 staff of Olgreb {rPois∞}
  7961 | D:7      | Found a runed translucent gate.
  8188 | D:8      | Noticed a two-headed ogre
  8201 | D:8      | Killed a two-headed ogre
  8201 | D:8      | Reached skill level 5 in Fighting
  8201 | D:8      | Reached skill level 9 in Unarmed Combat
  8428 | D:8      | Noticed Maggie
  8436 | D:8      | Killed Maggie
  8479 | D:8      | Noticed Joseph
  8484 | D:8      | Demolished by Joseph

Illustrated notes

Levels and vault maps discovered:
D:1:      giann_bridges, layout_basic, serial_bayou, serial_bayou_crossing,
          serial_bayou_lagoon_b, serial_bayou_shore_b, serial_bayou_lake_a
D:2:      layout_loops_ring, lemuel_crystal_altar, lemuel_doored_altar,
          nicolae_tso_carved_into_rock, grunt_ministairs_12, uniq_jessica,
          uniq_terence, uniq_robin
D:3:      layout_loops_ring, nicolae_overflow_hidden_temple,
          nemelex_xobeh_ov_fountains_minmay, lemuel_crystal_altar,
          cheibrodos_gnoll_hut
D:4:      minmay_opposing_rooms, layout_loops_ring,
          nicolae_ossuary_entry_catacombs, uniq_pikel
D:5:      layout_rooms, lemuel_coloured_pillars_altar
D:6:      layout_loops_cross, minivault_27, st_stairs_3, uniq_prince_ribbit1,
          uniq_blork_the_orc
D:7:      layout_cave_pools, overflow_temple_1_default, zin_scriptorium,
          gammafunk_temple_overflow_wave, minmay_temple_entry_hall,
          serial_shops, nicolae_shop_crystal, ebering_ghost_xom,
          nicolae_elemental_shop, minmay_guarded_unrand_staff_of_olgreb
D:8:      layout_gridville, uniq_joseph, uniq_maggie
Temple:   compressed_dpeg_triangle_lava_temple

Skill      XL: |  1  2  3  4  5  6  7  8  9 10 |
---------------+-------------------------------+-----
Dodging        | 3 5 6 7 8 |  8.0
Transmutations | 3 5 6 7 |  7.0
Unarmed Combat | 4 5 6 8 9 |  9.0
Fighting       | 3 4 6 |  6.0
Stealth        | 1 2 |  2.2
Spellcasting   | 4 |  4.0

Action                   |  1- 3 |  4- 6 |  7- 9 | 10-12 || total
-------------------------+-------+-------+-------+-------++-------
Melee: Unarmed           |    63 |   115 |   382 |    53 ||   613
       Constrict         |    21 |    39 |    51 |    12 ||   123
       Tentacles         |    10 |    20 |    60 |    13 ||   103
       Kick              |     8 |    20 |    33 |       ||    61
       Punch             |       |     5 |    14 |     1 ||    20
Throw: Dart              |    12 |    20 |       |     9 ||    41
 Cast: Beastly Appendage |    10 |    19 |    17 |       ||    46
       Wereblood         |       |     3 |     6 |     1 ||    10
       Spider Form       |       |       |    11 |       ||    11
       Blade Hands       |       |       |     4 |     7 ||    11
       Swiftness         |       |       |     1 |       ||     1
Evoke: Wand              |       |       |     1 |       ||     1
  Use: Scroll            |       |     7 |    23 |       ||    30
       Potion            |       |       |     1 |       ||     1
 Stab: Sleeping          |     1 |     3 |    15 |     3 ||    22
Armor: Skin              |     3 |     6 |     5 |       ||    14
Dodge: Dodged            |    38 |    64 |   278 |    36 ||   416

Table legend: (Time is in decaauts)
 A = Elapsed time spent in this place.
 B = Non-inter-level travel time spent in this place.
 C = Inter-level travel time spent in this place.
 D = Time resting spent in this place.
 E = Time spent auto-exploring this place.
 F = Levels seen in this place.
 G = Mean time per level.
                   A        B        C        D        E       F      G
               +--------+--------+--------+--------+--------+-----+--------+
         Total |   8409 |   8036 |    373 |    338 |   6108 |  10 |  840.9 |
       Dungeon |   7691 |   7336 |    355 |    310 |   5582 |   8 |  961.4 |
        Temple |    342 |    324 |     18 |      0 |    310 |   1 |  342.0 |
       Ossuary |    375 |    375 |      0 |     28 |    216 |   1 |  375.0 |
               +--------+--------+--------+--------+--------+-----+--------+

Top non-repeatable levels by time:
     D:2: 1355 daAuts
     D:3: 1316 daAuts
     D:4: 1159 daAuts
     D:6: 1012 daAuts
     D:1: 866 daAuts
     D:7: 845 daAuts
     D:5: 759 daAuts
     D:8: 376 daAuts
 Ossuary: 375 daAuts
  Temple: 342 daAuts
